AoeStats
← DAN13L

Pilgrims

509284045Analyzed
2v2 RM · 7d ago on Sep 26, 2026· 16m 22s· 4 players
Game mode
Random Map
Map size
Medium (4 player)
Population
200
Speed
Normal
Resources
Standard
Victory
Conquest
Starting age
Dark Age
Ending age
Imperial Age
RankedLock teamsTeams togetherTeam positionsShared explorationLock speedFull tech treeHidden civsTurbo modeCheats
Victory
Defeat
🇺🇸 Huns · United States
1051
+14
🇺🇸 Persians · United States
1050
+14
🇲🇽 Wei · Mexico
1009
-14
🇦🇷 Mapuche · Argentina
1009
-14
DAN13L
8:13 Loom
13:25 Feudal Age
18:18 Feudal Age
3ms
9:09 Loom
11:04 Feudal Age
GJBrannock
10:00 Feudal Age
9:24 Loom
11:01 Town Watch
11:22 Fletching
The Gobbler
10:02 Feudal Age
10:30 Loom
10:55 Double-Bit Axe
13:58 Castle Age
12:38 Horse Collar
14:04 Town Watch
14:49 Bow Saw
Connection lost

Rejoining the realm…

Still unreachable

The connection could not be restored.

Session expired

The server has moved on; the page needs a fresh start.